 Dungeon Crawl Stone Soup version 0.24-a0-251-g44e327e (webtiles) character file.

Game seed: 14441116589957945025

3895 gruber the Magician (level 10, -8/77 HPs)
             Began as a Gnoll Skald on Apr 16, 2019.
             Mangled by Harold
             ... wielding a +0 battleaxe
              (21 damage)
             ... on level 8 of the Dungeon.
             The game lasted 00:15:41 (7953 turns).

gruber the Magician (Gnoll Skald)                   Turns: 7953, Time: 00:15:42

Health: -8/77      AC:  5    Str: 14    XL:     10   Next: 20%
Magic:  28/29      EV: 15    Int: 18    God:
Gold:   203        SH:  0    Dex: 14    Spells: 12/23 levels left

rFire    . . .     SeeInvis +   z - +11 war axe "Bonkont" {chop, rPois MP+9 Int+3}
rCold    . . .     Gourm    .   (no shield)
rNeg     . . .     Faith    .   w - +0 leather armour of Hinwyff {+Blink Int-4 Slay+2 SInv} (curse)
rPois    +         Spirit   .   (no helmet)
rElec    .         Reflect  .   h - +0 cloak (curse)
rCorr    .         Harm     .   (no gloves)
MR       .....                  (no boots)
Stlth    +++.......             (no amulet)
HPRegen  0.22/turn              (no ring)
MPRegen  0.21/turn              (no ring)

@: marked
A: distributed training, fangs 1, strong nose
a: Evoke Blink


You were on level 8 of the Dungeon.
You were not hungry.

You visited 2 branches of the dungeon, and saw 9 of its levels.

You collected 397 gold pieces.
You spent 194 gold pieces at shops.

Inventory:

Hand Weapons
 z - the +11 war axe "Bonkont" (weapon) {chop, rPois MP+9 Int+3}
   (You found it on level 5 of the Dungeon)

   It inflicts extra damage upon your enemies.
   It affects your intelligence (+3).
   It protects you from poison.
   It affects your magic capacity (+9).
Armour
 b - a +0 leather armour
 h - a cursed +0 cloak (worn)
 w - the cursed +0 leather armour of Hinwyff (worn) {+Blink Int-4 Slay+2 SInv}
   (You found it on level 4 of the Dungeon)

   It affects your intelligence (-4).
   It affects your accuracy and damage with ranged weapons and melee attacks
   (+2).
   It lets you see invisible.
   It lets you blink.
   It has a curse placed upon it.
Wands
 r - a wand of disintegration (15)
 x - a wand of digging (4)
 y - a wand of enslavement (3)
Scrolls
 a - a scroll of immolation {unknown}
 c - a scroll of magic mapping {unknown}
 k - 2 scrolls of enchant armour
 l - 3 scrolls of enchant weapon {unknown}
 m - 8 scrolls of remove curse
 n - 3 scrolls of fog {unknown}
 o - 4 scrolls of fear {unknown}
 q - a scroll of noise {unknown}
 u - 2 scrolls of identify
 A - 5 scrolls of teleportation {unknown}
 E - a scroll of random uselessness {unknown}
 F - a scroll of blinking
Potions
 e - a potion of mutation
 f - a potion of magic
 g - 2 potions of might
 i - 4 potions of haste
 j - 2 potions of invisibility
 p - 7 potions of curing {unknown}
 s - 3 potions of brilliance {unknown}
 t - 2 potions of ambrosia {unknown}
 v - a potion of berserk rage {unknown}
 B - a potion of cancellation {unknown}
 C - a potion of heal wounds {unknown}
Comestibles
 d - 13 rations
 D - 3 chunks of flesh


   Skills:
 + Level 6.8 Fighting
 + Level 5.0 Short Blades
 + Level 5.0 Long Blades
 + Level 5.0 Axes
 + Level 5.0 Maces & Flails
 + Level 6.8 Polearms
 + Level 5.0 Staves
 + Level 5.0 Slings
 + Level 5.0 Bows
 + Level 5.0 Crossbows
 + Level 5.0 Throwing
 + Level 5.6 Armour
 + Level 6.8 Dodging
 + Level 5.0 Stealth
 + Level 5.0 Shields
 + Level 5.0 Unarmed Combat
 + Level 7.1 Spellcasting
 + Level 4.1 Conjurations
 + Level 4.1 Hexes
 + Level 6.9 Charms
 + Level 4.1 Summonings
 + Level 4.1 Necromancy
 + Level 4.1 Translocations
 + Level 4.1 Transmutations
 + Level 4.1 Fire Magic
 + Level 4.1 Ice Magic
 + Level 4.1 Air Magic
 + Level 4.1 Earth Magic
 + Level 4.1 Poison Magic
 + Level 5.4 Invocations
 + Level 5.0 Evocations


You had 12 spell levels left.
You knew the following spells:

 Your Spells              Type           Power        Failure   Level  Hunger
a - Infusion              Chrm           ####         1%          1    None
b - Song of Slaying       Chrm           ####....     1%          2    None
c - Shroud of Golubria    Chrm/Tloc      ####......   1%          2    None
d - Regeneration          Chrm/Necr      ####......   4%          3    ##.....
e - Spectral Weapon       Hex/Chrm       ####....     4%          3    ##.....

Your spell library contained the following spells:

 Spells                   Type           Power        Failure   Level  Hunger
 Swiftness                Chrm/Air       ####....     1%          2    None
 Corona                   Hex            ###....      2%          1    None
 Shock                    Conj/Air       ###.         2%          1    None
 Ensorcelled Hibernation  Hex/Ice        ###...       3%          2    None
 Confuse                  Hex            ###.....     8%          3    ##.....
 Dazzling Spray           Conj/Hex       ###...       8%          3    ##.....
 Static Discharge         Conj/Air       ###.....     8%          3    ##.....
 Tukima's Dance           Hex            ###.....     8%          3    ##.....
 Airstrike                Air            ###.......   24%         4    ####...
 Lightning Bolt           Conj/Air       ###.......   56%         5    #####..


Dungeon Overview and Level Annotations

Branches:
Dungeon (8/15)             Temple (1/1) D:6
   Lair: D:8-11

Altars:
Ashenzari
Cheibriados
Dithmenos
Elyvilon
Fedhas
Gozag
Hepliaklqana
Kikubaaqudgha
Makhleb
Nemelex Xobeh
Okawaru
Ru
Sif Muna
Trog
Uskayaw
Vehumet
Wu Jian
Xom
Yredelemnul
Zin
The Shining One

Shops:
D:5 %   D:6 [   D:7 :=(!}   D:8 *

Annotations:
D:3 3 runed translucent doors, Hylith's ghost, amateur MiFi
D:8 Harold


Innate Abilities, Weirdness & Mutations

Your experience applies equally to all skills.
You have very sharp teeth.
Your uncanny sense of smell can sniff out nearby items.


Message History

You slash Harold!
Harold is moderately wounded.
Harold hits you with a +0 battleaxe!!
Your shroud falls apart!
You slice Harold!!
Harold is heavily wounded.
Harold hits you with a +0 battleaxe! Harold misses you.
You hit Harold.
Harold is severely wounded.
Harold hits you with a +0 battleaxe!!
* * * LOW HITPOINT WARNING * * *
You slash Harold! You bite Harold, but do no damage.
Harold is severely wounded.
Your spectral weapon fades away.
Harold hits you but does no damage. Harold hits you with a +0 battleaxe.
* * * LOW HITPOINT WARNING * * *
You slash Harold!
Harold is almost dead.
Harold hits you with a +0 battleaxe!!
You die...

#...#########
............#
.∩..#######.#
..........#.#
###..####.#.# ..#..#
#.#.# #.#..# #.#.# ∆
#.#..####.#.#########.#
#.#.......#.....@@..).#
#.#...#################
#.#...#......#
#............#
#####.#.######
......#.# #####.#†#
#.#<# #####


You could see Harold.

Vanquished Creatures
  Pikel (D:5)
  4 hippogriffs
  2 hungry ghosts
  An orc warrior (D:6)
  An ice beast (D:6)
  A black bear (D:7)
  A phantom (D:7)
  3 centaurs
  5 ogres
  3 bullfrogs (D:6)
  A water moccasin zombie (D:7)
  A scorpion (D:7)
  5 crimson imps
  A centaur zombie (D:7)
  3 jellies
  An orc priest (D:7)
  Crazy Yiuf (D:5)
  A centaur skeleton (D:7)
  6 hounds
  An orc wizard (D:6)
  Ijyb (D:5)
  A bullfrog skeleton (D:6)
  5 iguanas
  4 worker ants
  A howler monkey zombie (D:6)
  8 gnolls
  7 adders
  2 shadow imps
  2 oozes
  2 adder skeletons
  3 worms
  3 dart slugs (D:3)
  4 leopard geckos
  13 orcs
  6 bats
  7 giant cockroaches
  8 goblins
  5 hobgoblins
  8 jackals
  2 quokkas
  A ball python (D:1)
  9 frilled lizards
  2 jackal zombies
  5 kobolds
  7 rats
  A spectral orc (D:2)
160 creatures vanquished.

Vanquished Creatures (others)
  A hound (D:6)
  A worker ant (D:6)
  A gnoll (D:6)
  A quokka (D:6)
  5 goblins (D:5)
9 creatures vanquished.

Grand Total: 169 creatures vanquished

Notes
Turn   | Place    | Note
-------+----------+-------------------------------------------
     0 | D:1      | gruber the Gnoll Skald began the quest for the Orb.
     0 | D:1      | Reached XP level 1. HP: 20/20 MP: 6/6
   291 | D:1      | Reached XP level 2. HP: 26/26 MP: 5/7
   590 | D:1      | Reached XP level 3. HP: 21/31 MP: 5/9
   594 | D:1      | Learned a level 2 spell: Song of Slaying
   597 | D:1      | Learned a level 2 spell: Shroud of Golubria
   601 | D:1      | Learned a level 3 spell: Regeneration
   605 | D:1      | Learned a level 3 spell: Spectral Weapon
   650 | D:2      | Reached skill level 5 in Spellcasting
   848 | D:2      | Reached skill level 1 in Invocations
  1056 | D:2      | Reached skill level 1 in Short Blades
  1056 | D:2      | Reached skill level 1 in Long Blades
  1056 | D:2      | Reached skill level 1 in Axes
  1056 | D:2      | Reached skill level 1 in Maces & Flails
  1056 | D:2      | Reached skill level 1 in Staves
  1056 | D:2      | Reached skill level 1 in Slings
  1056 | D:2      | Reached skill level 1 in Bows
  1056 | D:2      | Reached skill level 1 in Crossbows
  1056 | D:2      | Reached skill level 1 in Throwing
  1056 | D:2      | Reached skill level 1 in Stealth
  1056 | D:2      | Reached skill level 1 in Shields
  1056 | D:2      | Reached skill level 1 in Unarmed Combat
  1056 | D:2      | Reached skill level 1 in Evocations
  1056 | D:2      | Reached XP level 4. HP: 25/38 MP: 0/11
  1325 | D:2      | Reached skill level 1 in Conjurations
  1325 | D:2      | Reached skill level 1 in Hexes
  1325 | D:2      | Reached skill level 1 in Summonings
  1325 | D:2      | Reached skill level 1 in Necromancy
  1325 | D:2      | Reached skill level 1 in Translocations
  1325 | D:2      | Reached skill level 1 in Transmutations
  1325 | D:2      | Reached skill level 1 in Fire Magic
  1325 | D:2      | Reached skill level 1 in Ice Magic
  1325 | D:2      | Reached skill level 1 in Air Magic
  1325 | D:2      | Reached skill level 1 in Earth Magic
  1325 | D:2      | Reached skill level 1 in Poison Magic
  1749 | D:2      | Found a basalt altar of Yredelemnul.
  1783 | D:2      | Found a blossoming altar of Fedhas.
  1856 | D:3      | Reached XP level 5. HP: 36/43 MP: 5/12
  2206 | D:3      | Found a glowing golden altar of the Shining One.
  2396 | D:3      | Found a hide-covered altar of Uskayaw.
  2667 | D:3      | Found an ornate altar of the Wu Jian Council.
  2682 | D:3      | Found a runed translucent gate.
  2682 | D:3      | Found a runed translucent gate.
  2682 | D:3      | Found a runed translucent gate.
  2683 | D:3      | Found an opulent altar of Gozag.
  2683 | D:3      | Noticed an ogre
  2692 | D:3      | Killed an ogre
  2692 | D:3      | Reached XP level 6. HP: 14/50 MP: 0/13
  2904 | D:3      | Noticed Hylith's ghost (amateur MiFi)
  3283 | D:4      | Found an ancient bone altar of Kikubaaqudgha.
  3574 | D:4      | Got an encrusted leather armour
  3717 | D:4      | Identified the cursed +0 leather armour of Hinwyff {+Blink
                  | Int-4 Slay+2 SInv} (You found it on level 4 of the Dungeon)
  4036 | D:5      | Entered Level 5 of the Dungeon
  4054 | D:5      | Reached skill level 5 in Fighting
  4054 | D:5      | Reached skill level 5 in Polearms
  4054 | D:5      | Reached skill level 5 in Dodging
  4261 | D:5      | Reached XP level 7. HP: 26/56 MP: 5/15
  4367 | D:5      | Noticed Pikel
  4381 | D:5      | Killed Pikel
  4381 | D:5      | Reached XP level 8. HP: 15/63 MP: 13/16
  4686 | D:5      | Noticed Ijyb
  4705 | D:5      | Killed Ijyb
  4811 | D:5      | Got a scorched war axe
  5125 | D:5      | Identified the +11 war axe "Bonkont" {chop, rPois MP+9
                  | Int+3} (You found it on level 5 of the Dungeon)
  5135 | D:5      | Found Redeolixef's Food Shoppe.
  5436 | D:5      | Found a runed translucent door.
  5437 | D:5      | Noticed Crazy Yiuf
  5543 | D:5      | Reached skill level 6 in Spellcasting
  5675 | D:5      | Killed Crazy Yiuf
  6041 | D:6      | Found a staircase to the Ecumenical Temple.
  6396 | Temple   | Entered the Ecumenical Temple
  6757 | D:6      | Reached XP level 9. HP: 68/69 MP: 18/18
  6988 | D:6      | Found Qunwypp's Antique Armour Shoppe.
  7005 | D:6      | Found a shimmering altar of Xom.
  7113 | D:7      | Found Lipt's Gadget Emporium.
  7233 | D:7      | Found Elyturph's Weapon Shoppe.
  7244 | D:7      | Found Faotij's Distillery.
  7249 | D:7      | Found Sugryczu's Book Boutique.
  7255 | D:7      | Bought a potion of degeneration for 14 gold pieces
  7366 | D:7      | Found a burning altar of Makhleb.
  7370 | D:7      | Found Goijaj's Jewellery Boutique.
  7545 | D:7      | Reached skill level 5 in Armour
  7706 | D:7      | Reached skill level 5 in Invocations
  7718 | D:7      | Reached skill level 7 in Spellcasting
  7718 | D:7      | Reached XP level 10. HP: 45/77 MP: 14/20
  7842 | D:8      | Found Ceillaen's General Store.
  7857 | D:8      | Bought a scroll of blinking for 90 gold pieces
  7857 | D:8      | Bought a scroll of enchant armour for 90 gold pieces
  7934 | D:8      | Reached skill level 5 in Short Blades
  7934 | D:8      | Reached skill level 5 in Long Blades
  7934 | D:8      | Reached skill level 5 in Axes
  7934 | D:8      | Reached skill level 5 in Maces & Flails
  7934 | D:8      | Reached skill level 5 in Staves
  7934 | D:8      | Reached skill level 5 in Slings
  7934 | D:8      | Reached skill level 5 in Bows
  7934 | D:8      | Reached skill level 5 in Crossbows
  7934 | D:8      | Reached skill level 5 in Throwing
  7934 | D:8      | Reached skill level 5 in Stealth
  7934 | D:8      | Reached skill level 5 in Shields
  7934 | D:8      | Reached skill level 5 in Unarmed Combat
  7934 | D:8      | Reached skill level 5 in Evocations
  7943 | D:8      | Noticed Harold
  7953 | D:8      | Mangled by Harold

Levels and vault maps discovered:
D:1:      shiori_angband_town, layout_basic
D:2:      layout_basic, yredelemnul_forgotten_temple_becter, fedhas_altar_4
D:3:      layout_basic, lemuel_coloured_pillars_altar,
          eat_drink_and_be_merry_uskayaw, lemuel_crystal_altar,
          ebering_ghost_gozag, first_ration, moated_statue,
          minmay_increasing_density
D:4:      layout_loops_ring, lemuel_crystal_altar
D:5:      layout_basic, serial_shops, shop, minmay_ogre_servants, uniq_pikel,
          uniq_ijyb, uniq_crazy_yiuf_cottage
D:6:      layout_rooms, minmay_temple_entry_sparse_star, serial_shops, shop,
          xom_confusion_cloud
D:7:      minmay_octagon_keep, layout_cave_pools, lemuel_round_altar,
          serial_shops, shop, nicolae_shop_waterfront, nicolae_shop_crystal,
          shop_statue, kennysheep_mini
D:8:      layout_basic, serial_shops, shop_coins, uniq_harold
Temple:   oiseaux_autumnal_temple

Skill      XL: |  1  2  3  4  5  6  7  8  9 10 |
---------------+-------------------------------+-----
Spellcasting   | 5 6 7 |  7.1
Invocations    | 1 2 3 4 5 |  5.4
Short Blades   | 1 2 3 4 5 |  5.0
Long Blades    | 1 2 3 4 5 |  5.0
Axes           | 1 2 3 4 5 |  5.0
Maces & Flails | 1 2 3 4 5 |  5.0
Staves         | 1 2 3 4 5 |  5.0
Slings         | 1 2 3 4 5 |  5.0
Bows           | 1 2 3 4 5 |  5.0
Crossbows      | 1 2 3 4 5 |  5.0
Throwing       | 1 2 3 4 5 |  5.0
Stealth        | 1 2 3 4 5 |  5.0
Shields        | 1 2 3 4 5 |  5.0
Unarmed Combat | 1 2 3 4 5 |  5.0
Evocations     | 1 2 3 4 5 |  5.0
Conjurations   | 1 2 3 4 |  4.1
Hexes          | 1 2 3 4 |  4.1
Summonings     | 1 2 3 4 |  4.1
Necromancy     | 1 2 3 4 |  4.1
Translocations | 1 2 3 4 |  4.1
Transmutations | 1 2 3 4 |  4.1
Fire Magic     | 1 2 3 4 |  4.1
Ice Magic      | 1 2 3 4 |  4.1
Air Magic      | 1 2 3 4 |  4.1
Earth Magic    | 1 2 3 4 |  4.1
Poison Magic   | 1 2 3 4 |  4.1
Armour         | 3 4 5 |  5.6
Fighting       | 5 6 |  6.8
Polearms       | 5 6 |  6.8
Dodging        | 5 6 |  6.8
Charms         | 6 |  6.9

Action                   |  1- 3 |  4- 6 |  7- 9 | 10-12 || total
-------------------------+-------+-------+-------+-------++-------
Melee: Spear             |    59 |   261 |    11 |       ||   331
       Bite              |     6 |    20 |    11 |     2 ||    39
       Punch             |     1 |     2 |     4 |     1 ||     8
       War axe           |       |       |   123 |    19 ||   142
       Whip              |       |       |    47 |       ||    47
 Cast: Infusion          |     8 |    15 |     2 |     1 ||    26
       Shroud of Golubri |     1 |     8 |     5 |     2 ||    16
       Song of Slaying   |       |     6 |     3 |       ||     9
       Spectral Weapon   |       |     1 |     8 |     1 ||    10
       Regeneration      |       |     1 |     8 |     2 ||    11
  Use: Scroll            |       |     4 |     3 |       ||     7
 Stab: Sleeping          |       |     5 |     5 |       ||    10
       Distracted        |       |       |     1 |       ||     1
  Eat: Chunk             |       |    11 |    12 |     1 ||    24
Armor: Leather armour    |     7 |    43 |    42 |     6 ||    98
Dodge: Dodged            |    20 |   163 |   164 |    17 ||   364

Table legend:
 A = Non-vault XP
 B = Vault XP
 C = Vault XP percentage of total XP
 D = Non-vault monster count
 E = Vault monster count
 F = Vault count percentage of total count
                 A         B        C        D         E       F
            +---------+---------+-------+---------+---------+-------
      Total |    2790 |    2775 |  49.9 |     127 |      32 |  20.1
            +---------+---------+-------+---------+---------+-------
        D:1 |      30 |       0 |   0.0 |       9 |       0 |   0.0
        D:2 |     133 |       1 |   0.7 |      31 |       1 |   3.1
        D:3 |     181 |      13 |   6.7 |      23 |       5 |  17.9
        D:4 |      82 |       0 |   0.0 |       6 |       0 |   0.0
        D:5 |     350 |     866 |  71.2 |      17 |       7 |  29.2
        D:6 |     717 |     358 |  33.3 |      16 |       6 |  27.3
        D:7 |     865 |    1537 |  64.0 |      22 |      13 |  37.1
        D:8 |     432 |       0 |   0.0 |       3 |       0 |   0.0
            +---------+---------+-------+---------+---------+-------
